 Dungeon Crawl Stone Soup version 0.29.0-4-gdea44cf6ec (webtiles) character file.

Game seed: 5153958693793549931

275 qw the Chopper (level 6, 0/35 HPs)
             Began as a Tengu Warper on Aug 28, 2022.
             Slain by a killer bee (3 damage)
             ... on level 6 of the Dungeon.
             The game lasted 00:00:19 (4265 turns).

qw the Chopper (Tengu Warper)                       Turns: 4265, Time: 00:00:20

Health: 0/35       AC:  8    Str: 13    XL:     6   Next: 24%
Magic:  10/10      EV:  7    Int: 13    God:
Gold:   160        SH:  0    Dex: 14    Spells: 9/9 levels left

rFire   . . .      SeeInvis .   Y - +0 war axe
rCold   . . .      Faith    .   (no shield)
rNeg    . . .      Spirit   .   i - +0 chain mail
rPois   .          Reflect  .   (helmet restricted)
rElec   .          Harm     .   (no cloak)
rCorr   .          Rampage  .   (no gloves)
Will    +....                   (boots unavailable)
Stlth   ..........              (no amulet)
HPRegen 0.11/turn               b - ring of willpower
MPRegen 0.12/turn               g - +4 ring of slaying {mikee}

@: lethally poisoned (0 -> -7), about to teleport, flying quickly and evasively,
quick
A: beak, talons 3, nimble flight
a: no special abilities


You were on level 6 of the Dungeon.
You visited 1 branch of the dungeon, and saw 5 of its levels.

You collected 160 gold pieces.


Innate Abilities, Weirdness & Mutations

You have a beak for a mouth.
You have claws for feet.
Your magical nature lets you fly swiftly and evasively.


   Skills:
 - Level 2.0 Fighting
 + Level 6.7 Axes
 - Level 1.0 Throwing
 - Level 2.0 Armour
 - Level 2.1 Dodging
 - Level 2.0 Spellcasting
 - Level 2.4 Translocations


You had 9 spell levels left.
You didn't know any spells.
Your spell library contained the following spells:

 Spells                   Type           Power      Damage    Failure   Level
 Blink                    Tloc           14%        N/A       99%         2
 Gell's Gravitas          Tloc           7%         N/A       100%        3
 Lesser Beckoning         Tloc           7%         N/A       100%        3
 Teleport Other           Tloc           7%         N/A       100%        3
 Manifold Assault         Tloc           7%         N/A       100%        5

Inventory:

Hand Weapons
 f - a +0 whip
 Y - a +0 war axe (weapon)
Armour
 i - a +0 chain mail (worn)
Jewellery
 b - a ring of willpower (left hand)
 g - a +4 ring of slaying (right hand) {mikee}
Scrolls
 a - a scroll of identify
Potions
 e - a potion of attraction {unknown}
 h - a potion of cancellation

Dungeon Overview and Level Annotations

Branches:
Dungeon (6/15)
 Temple: D:4-7

Altars:
Kikubaaqudgha
Uskayaw


Message History

The killer bee stings you but does no damage.
You hit the killer bee. Your kick misses the killer bee.
The killer bee is severely wounded.
You hit the killer bee.
The killer bee barely misses you. x2; The killer bee stings you.
The killer bee stings you but does no damage.
You miss the killer bee. Your peck misses the killer bee.
The killer bee is severely wounded.
You hit the killer bee but do no damage.
The killer bee stings you.
You are poisoned.
The killer bee poisons you! The killer bee closely misses you.
The killer bee barely misses you. x2; The killer bee stings you.
You are lethally poisoned!
The killer bee poisons you!
The killer bee stings you but does no damage.
You slash the killer bee!
You kill the killer bee!
You hit the killer bee.
You feel very sick. The killer bee barely misses you.
An orc comes into view. It is wielding a +0 morningstar.
The killer bee barely misses you.
You have reached level 6!
You closely miss the killer bee.
The orc shouts!
You claw the killer bee.
You kill the killer bee!
You closely miss the killer bee.
You feel very sick. The killer bee barely misses you.
The killer bee stings you.
A scorpion comes into view.
4265 ||| READING scroll of teleportation.
As you read the scroll of teleportation, it crumbles to dust.
You feel strangely unstable.
You feel very sick. The killer bee barely misses you.
The killer bee stings you.
The killer bee stings you but does no damage. x2
The killer bee stings you.
You die...

## . ..
#y #. .y
#.
..#.##.
#.s...y##
#.o...y@#
#.#.###y#
#.###.#
..##.# #
#.##.#
#.##.##.#
#.......#
####.####
#.#


You could see a scorpion, 4 killer bees and an orc.

Vanquished Creatures
  2 killer bees (D:6)
  An iguana (D:3)
  Natasha (thrice) (D:2)
  2 adders (D:3)
  2 worms
  2 dart slugs
  An orc (D:3)
  8 endoplasms
  3 giant cockroaches
  6 hobgoblins
  5 jackals (D:1)
  2 quokkas (D:3)
  4 ball pythons
  4 bats
  8 frilled lizards
  5 kobolds
  5 rats
63 creatures vanquished.

Vanquished Creatures (others)
  A fungus (D:3)
1 creature vanquished.

Grand Total: 64 creatures vanquished

Notes
Turn   | Place    | Note
-------+----------+-------------------------------------------
     0 | D:1      | qw the Tengu Warper began the quest for the Orb.
     0 | D:1      | Reached XP level 1. HP: 12/12 MP: 4/4
     0 | D:1      | 0 ||| qw: Version: 0.1-a-89-g26bdef1
     0 | D:1      | 0 ||| qw: Game counter: 2692
     0 | D:1      | 0 ||| qw: Always use a shield: true
     0 | D:1      | 0 ||| qw: God list: Okawaru
     0 | D:1      | 0 ||| qw: Allow faded altars: false
     0 | D:1      | 0 ||| qw: Do Orc after D:15 true
     0 | D:1      | 0 ||| qw: Do second Lair branch before Depths: true
     0 | D:1      | 0 ||| qw: Lair rune preference: random
     0 | D:1      | 0 ||| qw: Plans: Normal
     0 | D:1      | 0 ||| PLANNING D:1-11
    57 | D:1      | 57 ||| Stepping ~*~*~tactically~*~*~ (stealth).
    60 | D:1      | 60 ||| Stepping ~*~*~tactically~*~*~ (stealth).
    84 | D:1      | 84 ||| Stepping ~*~*~tactically~*~*~ (stealth).
    85 | D:1      | 85 ||| Stepping ~*~*~tactically~*~*~ (stealth).
   129 | D:1      | 129 ||| Stepping ~*~*~tactically~*~*~ (hiding).
   231 | D:1      | 231 ||| Stepping ~*~*~tactically~*~*~ (hiding).
   240 | D:1      | Reached skill level 3 in Axes
   240 | D:1      | Reached XP level 2. HP: 17/17 MP: 6/6
   456 | D:1      | 456 ||| Stepping ~*~*~tactically~*~*~ (stealth).
   465 | D:1      | 465 ||| Stepping ~*~*~tactically~*~*~ (stealth).
   467 | D:1      | 467 ||| Stepping ~*~*~tactically~*~*~ (stealth).
   469 | D:1      | 469 ||| Stepping ~*~*~tactically~*~*~ (stealth).
   582 | D:1      | 582 ||| Stepping ~*~*~tactically~*~*~ (stealth).
   583 | D:1      | 583 ||| Stepping ~*~*~tactically~*~*~ (stealth).
   585 | D:1      | 585 ||| Stepping ~*~*~tactically~*~*~ (stealth).
   588 | D:1      | 588 ||| Stepping ~*~*~tactically~*~*~ (stealth).
   801 | D:1      | 801 ||| Stepping ~*~*~tactically~*~*~ (stealth).
   804 | D:1      | Reached XP level 3. HP: 21/21 MP: 7/7
  1086 | D:1      | 1086 ||| Stepping ~*~*~tactically~*~*~ (stealth).
  1092 | D:1      | 1092 ||| Stepping ~*~*~tactically~*~*~ (stealth).
  1097 | D:1      | Reached skill level 4 in Axes
  1546 | D:1      | 1546 ||| UPGRADING to +0 chain mail.
  1556 | D:1      | 1556 ||| DROPPING +0 leather armour.
  1557 | D:1      | 1557 ||| READING scroll labelled PITYGGUJUMM.
  1558 | D:1      | 1558 ||| READING scroll labelled HOAM HOJUAMPE.
  1559 | D:1      | 1559 ||| READING scroll labelled GINEOG QEMP.
  1560 | D:1      | 1560 ||| DROPPING scroll of blinking.
  1893 | D:2      | Noticed Natasha
  1894 | D:2      | 1894 ||| Stepping ~*~*~tactically~*~*~ (hiding).
  1895 | D:2      | 1895 ||| SWAPPING to +0 war axe.
  1903 | D:2      | Killed Natasha
  1904 | D:2      | Reached XP level 4. HP: 12/26 MP: 8/8
  2068 | D:2      | 2068 ||| DROPPING +1 hand axe.
  2143 | D:2      | Noticed Natasha
  2148 | D:2      | Killed Natasha
  2149 | D:2      | Reached skill level 5 in Axes
  2151 | D:2      | Noticed Natasha
  2152 | D:2      | 2152 ||| FLEEEEING.
  2157 | D:2      | 2157 ||| FLEEEEING.
  2158 | D:2      | 2158 ||| FLEEEEING.
  2159 | D:2      | 2159 ||| FLEEEEING.
  2160 | D:2      | 2160 ||| FLEEEEING.
  2161 | D:2      | 2161 ||| FLEEEEING.
  2162 | D:2      | 2162 ||| FLEEEEING.
  2163 | D:2      | 2163 ||| FLEEEEING.
  2164 | D:2      | 2164 ||| FLEEEEING.
  2165 | D:2      | 2165 ||| FLEEEEING.
  2173 | D:2      | HP: 5/26 [Natasha (4)]
  2175 | D:2      | Killed Natasha
  2176 | D:2      | Gained mutation: Your magical nature lets you fly swiftly
                  | and evasively. [Tengu growth]
  2176 | D:2      | Reached XP level 5. HP: 4/30 MP: 9/9
  2829 | D:2      | 2829 ||| READING scroll labelled ODIUBLE ZUQIXT.
  2830 | D:2      | 2830 ||| READING scroll labelled VIPHES POXI.
  2834 | D:2      | 2834 ||| DRINKING 2 bubbling cyan potions.
  2835 | D:2      | 2835 ||| READING 2 scrolls of identify.
  2835 | D:2      | 2835 ||| IDENTIFYING amethyst potion
  2836 | D:2      | 2836 ||| DROPPING potion of magic.
  2978 | D:3      | Reached skill level 6 in Axes
  3163 | D:3      | Found an ancient bone altar of Kikubaaqudgha.
  3183 | D:3      | 3183 ||| Stepping ~*~*~tactically~*~*~ (hiding).
  3770 | D:3      | Found a hide-covered altar of Uskayaw.
  4167 | D:3      | 4167 ||| UPGRADING to ring of willpower.
  4168 | D:3      | 4168 ||| UPGRADING to +4 ring of slaying {mikee}.
  4169 | D:3      | 4169 ||| READING 3 scrolls labelled UMPOPA QIDOFI.
  4170 | D:3      | 4170 ||| READING 2 scrolls of identify.
  4170 | D:3      | 4170 ||| IDENTIFYING murky amethyst potion
  4171 | D:3      | 4171 ||| DROPPING potion of invisibility.
  4172 | D:3      | 4172 ||| DROPPING 2 scrolls of summoning.
  4201 | D:4      | You are sucked into a shaft and drop 2 floors!
  4256 | D:6      | 4256 ||| Stepping ~*~*~tactically~*~*~ (stealth).
  4264 | D:6      | Reached XP level 6. HP: 12/35 MP: 10/10
  4264 | D:6      | HP: 7/35 [killer bee (2)]
  4265 | D:6      | 4265 ||| READING scroll of teleportation.
  4265 | D:6      | HP: 3/35 [killer bee (1)]
  4265 | D:6      | Slain by a killer bee

Levels and vault maps discovered:
D:1:      kennysheep_arrival_seaside, layout_basic, minmay_lizard_pond
D:2:      layout_basic, uniq_natasha
D:3:      layout_basic, mainiacjoe_overflow_chevrons,
          mainiacjoe_overflow_boulevard
D:4:      layout_basic, minmay_tree_intersection, uniq_sigmund, uniq_grinder
D:6:      layout_loops_cross, mainiacjoe_overflow_cross_hatched,
          minmay_temple_entry_slanted, minmay_misc_feat_alley,
          kennysheep_generic_room_13, uniq_edmund

Skill      XL: |  1  2  3  4  5 |
---------------+----------------+-----
Axes           | 3 4 5 6 |  6.7
Armour         | 2 |  2.0
Fighting       | |  2.0
Throwing       | |  1.0
Dodging        | |  2.1
Spellcasting   | |  2.0
Translocations | |  2.4

Action                   |  1- 3 |  4- 6 || total
-------------------------+-------+-------++-------
Melee: Hand axe          |    84 |       ||    84
       Peck              |    18 |    11 ||    29
       Kick              |    23 |    12 ||    35
       Punch             |     1 |     2 ||     3
       War axe           |     5 |    66 ||    71
Throw: Boomerang         |     7 |       ||     7
  Use: Scroll            |     3 |     6 ||     9
       Potion            |       |     1 ||     1
Armor: Leather armour    |     9 |       ||     9
       Chain mail        |     6 |    34 ||    40
Dodge: Dodged            |    50 |    28 ||    78

Table legend:
 A = Non-vault XP
 B = Vault XP
 C = Vault XP percentage of total XP
 D = Non-vault monster count
 E = Vault monster count
 F = Vault count percentage of total count
                 A         B        C        D         E       F
            +---------+---------+-------+---------+---------+-------
      Total |     352 |      41 |  10.4 |      57 |       6 |   9.5
            +---------+---------+-------+---------+---------+-------
        D:1 |      47 |       5 |   9.6 |      28 |       5 |  15.2
        D:2 |      86 |      36 |  29.5 |       9 |       1 |  10.0
        D:3 |      99 |       0 |   0.0 |      18 |       0 |   0.0
        D:6 |     120 |       0 |   0.0 |       2 |       0 |   0.0
            +---------+---------+-------+---------+---------+-------
